 Dungeon Crawl Stone Soup version 0.25.0-26-g0c896c7088 (webtiles) character file.

Game seed: 11909246116609041576

92 MisterFreud the Skirmisher (level 4, -7/37 HPs)
             Began as a Demonspawn Fire Elementalist on July 4, 2020.
             Killed from afar by an orc wizard (9 damage)
             ... with a puff of frost
             ... on level 4 of the Dungeon.
             The game lasted 00:08:14 (2675 turns).

MisterFreud the Skirmisher (DsFE)                   Turns: 2675, Time: 00:08:16

Health: -7/37      AC:  3    Str:  8    XL:     4   Next: 35%
Magic:  7/7        EV: 12    Int: 23    God:
Gold:   23         SH:  0    Dex: 14    Spells: 6/7 levels left

rFire    . . .     SeeInvis .   d - +0 mace
rCold    . . .     Gourm    .   (no shield)
rNeg     . . .     Faith    .   a - +1 robe
rPois    .         Spirit   .   (no helmet)
rElec    .         Reflect  .   (no cloak)
rCorr    .         Harm     .   (no gloves)
MR       .....                  (no boots)
Stlth    +.........             (no amulet)
HPRegen  0.12/turn              i - +6 ring of intelligence
MPRegen  0.10/turn              (no ring)

@: confused, lethally poisoned (-7 -> -16)
A: hooves 1, powered by pain 1
a: no special abilities


You were on level 4 of the Dungeon.
You were hungry.

You visited 1 branch of the dungeon, and saw 4 of its levels.

You collected 23 gold pieces.

Inventory:

Hand Weapons
 d - a +0 mace (weapon)
Missiles
 f - 33 poisoned darts (quivered)
 h - 2 boomerangs
Armour
 a - a +1 robe (worn)
 e - a +0 chain mail
Jewellery
 i - a +6 ring of intelligence (left hand)
Scrolls
 b - 5 scrolls of identify
Potions
 g - 2 potions of lignification
 k - a potion of might {unknown}
Comestibles
 c - 6 rations
 n - 5 chunks of flesh


   Skills:
 - Level 4.0 Fighting
 - Level 1.7 Dodging
 - Level 1.7 Stealth
 + Level 0.4 Unarmed Combat
 - Level 2.0 Spellcasting
 - Level 1.0 Conjurations
 - Level 2.6 Fire Magic


You had 6 spell levels left.
You knew the following spells:

 Your Spells              Type           Power        Failure   Level  Hunger
a - Foxfire               Conj/Fire      ##..         6%          1    #......

Your spell library contained the following spells:

 Spells                   Type           Power        Failure   Level  Hunger
 Conjure Flame            Conj/Fire      ##......     19%         3    ###....
 Inner Flame              Hex/Fire       #.......     22%         3    ###....
 Sticky Flame             Conj/Fire      ##......     52%         4    #####..
 Fireball                 Conj/Fire      ##........   86%         5    ######.


Dungeon Overview and Level Annotations

Branches:
Dungeon (4/15)
 Temple: D:4-7

Altars:
Ashenzari
Ru
Sif Muna
Trog


Innate Abilities, Weirdness & Mutations

You have large cloven feet.
You sometimes gain a little power by taking damage.


Message History

Unknown command.
Unknown command.
* * * LOW HITPOINT WARNING * * *
You feel sick.
The orc shouts!
The adder closely misses you. The orc wizard closely misses you.
The hobgoblin closely misses you. The adder bites you.
* * * LOW HITPOINT WARNING * * *
You are more poisoned.
The adder poisons you!
Unknown command.
Unknown command.
Unknown command.
The orc wizard looks satisfied for a moment.
The orc hits you but does no damage. The adder barely misses you.
The hobgoblin hits you with a +0 club.
* * * LOW HITPOINT WARNING * * *
The orc wizard gestures at you while chanting.
The puff of frost hits you!
You die...

#########.
#.........
#........#
#gS..)...#
#@o......#
#.o......#
#...o.....
"...o....#
.######.#.#
. .# # # #


You could see an orc wizard (fast), an adder, 3 orcs and a hobgoblin.

Vanquished Creatures
  3 adders (D:2)
  An ooze (D:1)
  A worm (D:3)
  3 dart slugs
  A leopard gecko (D:2)
  4 giant cockroaches
  2 goblins
  4 hobgoblins
  3 jackals (D:1)
  15 kobolds
  A ball python (D:2)
  8 bats
  2 frilled lizards
  3 rats
51 creatures vanquished.

Vanquished Creatures (collateral kills)
  A frilled lizard (D:1)
1 creature vanquished.

Vanquished Creatures (others)
  143 foxfires
143 creatures vanquished.

Grand Total: 195 creatures vanquished

Notes
Turn   | Place    | Note
-------+----------+-------------------------------------------
     0 | D:1      | MisterFreud the Demonspawn Fire Elementalist began the
                  | quest for the Orb.
     0 | D:1      | Reached XP level 1. HP: 13/13 MP: 3/3
   132 | D:1      | Reached skill level 1 in Fighting
   532 | D:1      | Gained mutation: You have large cloven feet. [demonic
                  | ancestry]
   532 | D:1      | Reached XP level 2. HP: 22/22 MP: 0/5
   708 | D:1      | Reached skill level 2 in Fighting
  1515 | D:1      | Reached XP level 3. HP: 20/28 MP: 0/6
  1671 | D:2      | Reached skill level 3 in Fighting
  1737 | D:2      | Found a sacrificial altar of Ru.
  2238 | D:2      | Found a bloodstained altar of Trog.
  2278 | D:2      | Gained mutation: You sometimes gain a little power by
                  | taking damage. [demonic ancestry]
  2278 | D:2      | Reached XP level 4. HP: 19/37 MP: 1/7
  2546 | D:2      | Reached skill level 4 in Fighting
  2653 | D:3      | Found a shattered altar of Ashenzari.
  2660 | D:3      | Found a shimmering blue altar of Sif Muna.
  2673 | D:4      | HP: 1/37 [adder (4)]
  2675 | D:4      | Killed from afar by an orc wizard

Illustrated notes

Levels and vault maps discovered:
D:1:      sevenhm_arrival_forest_fort_small_6, layout_basic
D:2:      layout_rooms, lightli_temple_of_fire, lemuel_crystal_altar
D:3:      layout_basic, lemuel_coloured_pillars_altar, lemuel_crystal_altar,
          evilmike_ruin_ashenzari, okawaru_altar_gauntlet_db, elyvilon_altar_5,
          portal_sewer_entry_e, minmay_cut_off
D:4:      layout_basic

Skill      XL: |  1  2  3  4 |
---------------+-------------+-----
Fighting       | 1 2 3 4 |  4.0
Dodging        | |  1.7
Stealth        | |  1.7
Unarmed Combat | |  0.4
Spellcasting   | |  2.0
Conjurations   | |  1.0
Fire Magic     | |  2.6

Action                   |  1- 3 |  4- 6 || total
-------------------------+-------+-------++-------
Melee: Mace              |     5 |     5 ||    10
       Kick              |       |     1 ||     1
 Cast: Foxfire           |    67 |    22 ||    89
  Use: Scroll            |       |     3 ||     3
       Potion            |       |     2 ||     2
  Eat: Chunk             |     5 |     1 ||     6
Armor: Robe              |    23 |    18 ||    41
Dodge: Dodged            |    60 |    43 ||   103
